 Dungeon Crawl Stone Soup version 0.28.0-47-ge53b351184 (webtiles) character file.

Game seed: 6479149720951349011

2610 101zpm the Thaumaturge (level 9, -3/58 HPs)
             Began as a Djinni Fire Elementalist on Apr 30, 2022.
             Slain by a red devil
             ... wielding a +0 trident
             ... summoned by a kobold demonologist
              (13 damage)
             ... on level 8 of the Dungeon.
             The game lasted 00:24:01 (10745 turns).

101zpm the Thaumaturge (Djinni Fire Elementalist)  Turns: 10745, Time: 00:24:02

Health: -3/58      AC:  7    Str: 12    XL:     9   Next: 90%
Gold:   367        EV: 13    Int: 21    God:
                   SH:  0    Dex: 14

rFire   + + +      SeeInvis .   o - +3 mace "Nocruh" {holy, rPois Str+5 Stlth+}
rCold   . . .      Faith    .   (no shield)
rNeg    . . .      Spirit   .   a - +0 robe
rPois   ∞          Reflect  .   (no helmet)
rElec   .          Harm     .   t - scarf {rC+ rF+}
rCorr   .          Rampage  .   q - +0 pair of gloves
Will    .....                   (boots unavailable)
Stlth   +++.......              (no amulet)
HPRegen 0.19/turn               w - +4 ring of protection
MPRegen 0.00/turn               (no ring)

@: spiked, flying
A: sickness immunity, fire resistance 2, cold vulnerability 1, float, innate
caster, HP casting, extra vitality 1
a: no special abilities


You were on level 8 of the Dungeon.
You visited 2 branches of the dungeon, and saw 9 of its levels.

You collected 367 gold pieces.

Inventory:

Hand Weapons
 n - a +2 dagger of protection
 o - the +3 mace "Nocruh" (weapon) {holy, rPois Str+5 Stlth+}
   (You found it on level 4 of the Dungeon)

   It has been blessed by the Shining One to cause great damage to the undead
   and demons.
   Str:       It affects your strength (+5).
   rPois:     It protects you from poison.
   Stlth:     It makes you more stealthy.
Armour
 a - a +0 robe (worn)
 q - a +0 pair of gloves (worn)
 t - a scarf of resistance (worn)
Jewellery
 w - a +4 ring of protection (left hand)
Wands
 i - a wand of polymorph (8)
 s - a wand of flame (22)
 u - a wand of acid (12)
Scrolls
 b - 2 scrolls of identify
 f - 5 scrolls of teleportation
 k - a scroll of magic mapping
 l - a scroll of vulnerability {unknown}
 m - 2 scrolls of enchant weapon {unknown}
 v - a scroll of blinking {unknown}
 x - a scroll of torment {unknown}
 y - a scroll of enchant armour {unknown}
Potions
 c - a potion of haste {unknown}
 d - 3 potions of curing
 e - 3 potions of magic {unknown}
 g - 2 potions of degeneration {unknown}
 j - a potion of ambrosia {unknown}
 p - 2 potions of attraction {unknown}
 r - 2 potions of lignification {unknown}


   Skills:
 + Level 1.7 Fighting
 + Level 3.2 Dodging
 + Level 3.6 Stealth
 + Level 9.5 Spellcasting


You had 4 spell levels left.
You knew the following spells:

 Your Spells              Type           Power      Damage    Failure   Level
a - Foxfire               Conj/Fire      100%       2x1d9     1%          1
b - Scorch                Fire           100%       2d10      1%          2
c - Conjure Flame         Conj/Fire      50%        6-21      1%          3
d - Inner Flame           Hex/Fire       50%        N/A       1%          3
e - Flame Wave            Conj/Fire      50%        2d10      1%          4
f - Pain                  Necr           100%       1d9       1%          1
g - Blink                 Tloc           100%       N/A       1%          2
h - Tukima's Dance        Hex            50%        N/A       1%          3
i - Passage of Golubria   Tloc           50%        N/A       1%          4
Your spell library was empty.

Dungeon Overview and Level Annotations

Branches:
Dungeon (8/15)             Temple (1/1) D:6
   Lair: D:8-11

Altars:
Ashenzari
Dithmenos
Elyvilon
Gozag
Kikubaaqudgha
Nemelex Xobeh
Okawaru
Qazlal
Vehumet
Wu Jian
Xom
Yredelemnul
Zin
The Shining One


Innate Abilities, Weirdness & Mutations

You are immune to sickness and miasma.
You are immune to poison.
Your flesh is very heat resistant. (rF++)
You are vulnerable to cold. (rC-)
You float through the air rather than walking.
You learn spells naturally, not from books.
Your magical power is your life essence.
You have superior vitality. (+4 MHP)


Message History

Press: ? - help, Dir - move target, f - kobold demonologist, p - red devil
Aim: a kobold demonologist, wielding a +0 dagger of freezing and wearing a +0 robe (lightly wounded, ally target, chance to affect: 84%)
The kobold demonologist is filled with an inner flame.
The foxfire hits the red devil but does no damage.
You conjure some foxfire!
The red devil hits you from afar with a +0 trident!
Barbed spikes become lodged in your body.
You conjure some foxfire!
The red devil closely misses you.
The kobold demonologist casts a spell.
The foxfire hits the red devil but does no damage.
The foxfire hits the red devil.
The red devil completely resists.
The red devil hits you from afar with a +0 trident!
Barbed spikes become lodged in your body.
The barbs in your skin will harm you if you move.
Continue?
Okay, then.
Casting: Foxfire (safe; 1% risk of failure)
Confirm with . or Enter, or press ? or * to list all spells.
Aiming: Tukima's Dance (safe; 1% risk of failure)
Press: ? - help, Shift-Dir - straight line, f - red devil
Aim: a red devil, wielding a +0 trident (summoned, ally target, chance to affect: 37%)
The red devil easily resists.
The foxfire hits the red devil but does no damage.
Your foxfire dissipates!
The red devil hits you from afar with a +0 trident!
* * * LOW HITPOINT WARNING * * *
Barbed spikes become lodged in your body.
The barbs in your skin will harm you if you move.
Continue?
Okay, then.
As you read the scroll of fog, it crumbles to dust.
The scroll dissolves into smoke.
The red devil hits you from afar with a +0 trident!
* * * LOW HITPOINT WARNING * * *
Barbed spikes become lodged in your body.
The iron imp hits you but does no damage.
The quasit bites you but does no damage.
The quasit closely misses you. The quasit barely misses you.
You are too injured to fight recklessly!
It was a potion of curing.
You feel better.
The red devil hits you from afar with a +0 trident!
You die...

..##+## #......
....... #?.....
#...... # .
#.#.54§##.###..
.....K55#§.....
###@§§...#
#<'.§....#
###.§§...#
#......#
#...[..#
#......#
#......#
###+####


You could see a kobold demonologist (inner flame), a red devil (summoned), an
iron imp (summoned) and a quasit (summoned).

Vanquished Creatures
  Prince Ribbit (D:6)
  A wyvern (D:7)
  Eustachio (D:4)
  A steam dragon (D:6)
  Edmund (D:6)
  Menkaure (D:4)
  A hornet zombie (D:5)
  A black bear (D:6)
  2 ice beasts
  An ogre (D:5)
  A centaur (D:5)
  A phantom (D:5)
  A kobold brigand (D:6)
  3 bullfrogs
  A scorpion (D:5)
  A wyvern skeleton (D:7)
  A howler monkey (D:6)
  2 centaur zombies
  2 orc priests
  4 hounds
  Crazy Yiuf (D:4)
  A gnoll shaman (D:7)
  2 bullfrog skeletons (D:6)
  5 iguanas
  An orc wizard (D:5)
  A hound zombie (D:5)
  Robin (D:4)
  9 adders
  3 gnolls (D:7)
  2 shadow imps
  A white imp (D:4)
  A worm (D:3)
  2 dart slugs
  13 orcs
  7 endoplasms
  5 giant cockroaches
  20 goblins
  4 hobgoblins
  2 jackals (D:4)
  4 quokkas
  3 ball pythons
  9 bats
  5 frilled lizards
  9 kobolds
  5 rats
144 creatures vanquished.

Vanquished Creatures (collateral kills)
  A foxfire (D:1)
1 creature vanquished.

Vanquished Creatures (others)
  625 foxfires
625 creatures vanquished.

Grand Total: 770 creatures vanquished

Notes
Turn   | Place    | Note
-------+----------+-------------------------------------------
     0 | D:1      | 101zpm the Djinni Fire Elementalist began the quest for the
                  | Orb.
     0 | D:1      | Reached XP level 1. HP: 15/15 MP: 0/0
   266 | D:1      | Reached XP level 2. HP: 17/21 MP: 0/0
  1143 | D:1      | Reached skill level 3 in Spellcasting
  1246 | D:1      | Reached XP level 3. HP: 22/25 MP: 0/0
  1246 | D:1      | Learned a level 1 spell: Pain
  1558 | D:1      | Found a faded altar of an unknown god.
  2423 | D:2      | Reached XP level 4. HP: 30/31 MP: 0/0
  3918 | D:3      | Reached XP level 5. HP: 24/36 MP: 0/0
  3918 | D:3      | Learned a level 2 spell: Blink
  4578 | D:5      | Entered Level 5 of the Dungeon
  4609 | D:5      | Reached skill level 4 in Spellcasting
  4709 | D:5      | Noticed a phantom
  4714 | D:5      | Killed a phantom
  4715 | D:5      | Reached skill level 1 in Fighting
  4715 | D:5      | Reached XP level 6. HP: 34/42 MP: 0/0
  4728 | D:5      | Reached skill level 5 in Spellcasting
  5048 | D:5      | Reached XP level 7. HP: 21/47 MP: 0/0
  5048 | D:5      | Learned a level 3 spell: Tukima's Dance
  5501 | D:5      | HP: 1/47 [centaur/arrow (6)]
  5503 | D:5      | Reached skill level 6 in Spellcasting
  5863 | D:5      | Reached XP level 8. HP: 33/52 MP: 0/0
  6408 | D:4      | Noticed Menkaure
  6410 | D:4      | Killed Menkaure
  6753 | D:4      | Noticed Eustachio
  6768 | D:4      | Killed Eustachio
  6769 | D:4      | Reached skill level 7 in Spellcasting
  7260 | D:4      | Noticed Robin
  7263 | D:4      | Killed Robin
  7835 | D:4      | Found a runed translucent door.
  7836 | D:4      | Noticed Crazy Yiuf
  7954 | D:4      | Killed Crazy Yiuf
  8087 | D:4      | Identified the +3 mace "Nocruh" {holy, rPois Str+5 Stlth+}
  8984 | D:6      | Noticed Prince Ribbit
  8988 | D:6      | Killed Prince Ribbit
  8989 | D:6      | Reached XP level 9. HP: 50/58 MP: 0/0
  8989 | D:6      | Learned a level 4 spell: Passage of Golubria
  8999 | D:6      | Noticed Edmund
  9006 | D:6      | Killed Edmund
  9007 | D:6      | Reached skill level 8 in Spellcasting
  9571 | D:6      | Reached skill level 9 in Spellcasting
  9831 | D:6      | Found a staircase to the Ecumenical Temple.
  9840 | Temple   | Entered the Ecumenical Temple
 10735 | D:8      | Noticed a kobold demonologist
 10738 | D:8      | Noticed a red devil
 10744 | D:8      | HP: 1/58 [red devil/+0 trident[a kobold demonologist] (14)]
 10745 | D:8      | Slain by a red devil

Illustrated notes

Levels and vault maps discovered:
D:1:      sevenhm_arrival_forest_fort_large_4, layout_basic,
          chequers_ecumenical_altar_lobes, nicolae_figureground_sparkle
D:2:      layout_loops_cross, grunt_ministairs_14
D:3:      layout_loops_corners
D:4:      layout_basic, minivault_26, kennysheep_generic_room_12, uniq_robin,
          uniq_crazy_yiuf_cottage, uniq_eustachio, uniq_menkaure
D:5:      layout_basic
D:6:      layout_cave_pools, vehumet_altar_wand_db, minmay_temple_entry_waves,
          uniq_prince_ribbit1, uniq_edmund
D:7:      layout_basic, uniq_harold
D:8:      minmay_blocky_corners, layout_basic,
          mainiacjoe_overflow_concentric_impassable, overflow_temple_1_default,
          serial_shops, shop, nicolae_shop_hallway_stairs
Temple:   dshaligram_water_room_temple

Skill      XL: |  1  2  3  4  5  6  7  8  9 |
---------------+----------------------------+-----
Spellcasting   | 3 4 5 6 7 9 |  9.5
Fighting       | 1 |  1.7
Stealth        | 2 3 |  3.6
Dodging        | 3 |  3.2

Action                   |  1- 3 |  4- 6 |  7- 9 || total
-------------------------+-------+-------+-------++-------
Melee: Unarmed           |     1 |       |       ||     1
 Cast: Foxfire           |   119 |   107 |   162 ||   388
       Scorch            |       |     7 |    14 ||    21
       Inner Flame       |       |    11 |    67 ||    78
       Conjure Flame     |       |       |     4 ||     4
       Flame Wave        |       |       |     6 ||     6
       Tukima's Dance    |       |       |     1 ||     1
  Use: Scroll            |       |       |     4 ||     4
       Potion            |       |       |     1 ||     1
Armor: Robe              |     1 |     1 |     9 ||    11
Dodge: Dodged            |    11 |     4 |    13 ||    28
